 Dungeon Crawl Stone Soup version 0.31-a0-1540-g5a0b83f448 (webtiles) character file.

Game seed: 14199287229222355329

96921 jasper the Warrior (level 15, -10/154 HPs)
             Began as a Demonspawn Cinder Acolyte on Jan 1, 2024.
             Was a High Priest of Wu Jian.
             Mangled by a tengu warrior
             ... wielding a +0 great mace
              (14 damage)
             ... on level 14 of the Dungeon.
             The game lasted 00:37:50 (27043 turns).

jasper the Warrior (Demonspawn Cinder Acolyte)     Turns: 27043, Time: 00:37:51

Health: -10/154    AC: 28    Str: 26    XL:     15   Next: 70%
Magic:  16/16      EV: 23    Int: 20    God:    Wu Jian [*****.]
Gold:   1023       SH:  4    Dex:  9    Spells: 12/16 levels left

rFire   + .          .
                       - Unarmed
rCold   + . .        T - melded +0 buckler
rNeg    . . .        L - melded +1 leather armour of Cattugg {*Slow rPois rF+ rN+++}
rPois   +            (helmet currently unavailable)
rElec   .            w - melded +2 cloak {rCorr}
rCorr   +            C - melded +1 pair of gloves {infuse}
SInv    .            (boots currently unavailable)
Will    +....        p - amulet of Jepn {rPois Regen+ Int+5}
Stlth   +            n - ring of protection from cold
HPRegen 2.25/turn    U - ring "Aqudysat" {rF+ rCorr}
MPRegen 0.15/turn

%: no passive effects
@: snake-form, sanguine armoured, in a heavenly storm, glowing, studying Earth
Magic
A: constrict, boosted hp, large, (antennae 2), icemail 2, powered by death 2,
sanguine armour 2, condensation shield
a: Begin Untransformation, Renounce Religion, Wall Jump, Serpent's Lash,
Heavenly Storm


You were on level 14 of the Dungeon.
You worshipped Wu Jian.
Wu Jian was extremely pleased with you.
You were an enormous serpent.
You visited 4 branches of the dungeon, and saw 22 of its levels.
You also visited: Gauntlet.

You collected 2084 gold pieces.
You spent 1061 gold pieces at shops.

Inventory:

Missiles
 l - 3 curare-tipped darts
 y - 135 stones (quivered)
 B - 65 poisoned darts
 S - 2 datura-tipped darts
 Y - 6 darts of dispersal
Armour
 d - the +2 pair of boots "Xomu Vey" {Will+ Str+7}
   (You found it in a Gauntlet)

   Str+7:     It affects your strength (+7).
   Will+:     It increases your willpower.
 w - a +2 cloak of preservation (melded)
 C - a +1 pair of gloves of infusion (melded)
 L - the +1 leather armour of Cattugg (melded) {*Slow rPois rF+ rN+++}
   (You bought it in a shop on level 8 of the Dungeon)

   rF+:       It protects you from fire.
   rPois:     It protects you from poison rN+++: It renders you almost immune to
   negative energy.
   *Slow:     It may slow you when you take damage.
 M - a +0 tower shield
 T - a +0 buckler (melded)
 X - a +0 kite shield
Jewellery
 n - a ring of protection from cold (left hand)
 p - the amulet of Jepn (around neck) {rPois Regen+ Int+5}
   (You found it on level 5 of the Lair of Beasts)

   [amulet of regeneration]

   Int+5:     It affects your intelligence (+5).
   rPois:     It protects you from poison Regen+: It increases your rate of
   health regeneration.
 A - a ring of protection from fire
 U - the ring "Aqudysat" (right hand) {rF+ rCorr}
   (You found it on level 11 of the Dungeon)

   [ring of protection from fire]

   rF+:       It protects you from fire.
   rCorr:     It protects you from acid and corrosion.
Talismans
 D - a serpent talisman (active)
 H - a maw talisman
Wands
 b - a wand of paralysis (24)
 e - a wand of mindburst (15)
 r - a wand of flame (45)
 t - a wand of acid (15)
 v - a wand of digging (9)
 I - a wand of iceblast (4)
 Z - a wand of polymorph (4)
Scrolls
 a - 2 scrolls of fog
 q - 3 scrolls of vulnerability
 x - 13 scrolls of teleportation
 z - 8 scrolls of noise
 N - 6 scrolls of fear
 P - 2 scrolls of silence
Potions
 c - 2 potions of cancellation
 h - 2 potions of resistance
 i - 2 potions of ambrosia
 j - a potion of berserk rage
 k - a potion of might
 o - 4 potions of enlightenment
 u - 2 potions of curing
 J - 3 potions of lignification
 K - 5 potions of haste
 O - 3 potions of magic
 Q - 2 potions of invisibility
 V - a potion of degeneration
 W - 3 potions of mutation
Miscellaneous
 E - a tin of tremorstones (2/2)
 F - a box of beasts
 R - a phantom mirror


   Skills:
 + Level 15.4 Fighting
 - Level 5.1 Dodging
 + Level 14.6 Unarmed Combat
 - Level 1.0 Spellcasting
 - Level 2.6 Fire Magic
 - Level 5.0 Evocations
 + Level 14.4 Shapeshifting


You had 12 spell levels left.
You knew the following spells:

 Your Spells              Type           Power      Damage    Failure   Level
a - Olgreb's Toxic Radia  Alch           1%         N/A       86%         4

Your spell library contained the following spells:

 Spells                   Type           Power      Damage    Failure   Level
 Scorch                   Fire           22%        2d5       9%          2
 Sting                    Conj/Alch      4%         1d3       17%         1
 Ensorcelled Hibernation  Hex/Ice        2%         N/A       26%         2
 Mercury Vapours          Alch/Air       2%         N/A       26%         2
 Volatile Blastmotes      Fire/Tloc      12%        2d11      30%         3
 Dazzling Flash           Conj/Hex       2%         N/A       45%         3
 Frozen Ramparts          Ice            2%         1d1       45%         3
 Gell's Gravitas          Tloc           1%         N/A       45%         3
 Mephitic Cloud           Conj/Alch/Air  1%         N/A       45%         3
 Teleport Other           Tloc           1%         N/A       45%         3
 Tukima's Dance           Hex            1%         N/A       45%         3
 Animate Armour           Summ/Erth      2%         N/A       86%         4
 Fulminant Prism          Conj/Alch      0%         3d5       86%         4
 Iskenderun's Mystic Bla  Conj/Tloc      1%         2d3       86%         4
 Leda's Liquefaction      Alch/Erth      0%         N/A       86%         4
 Passage of Golubria      Tloc           1%         N/A       86%         4
 Petrify                  Alch/Erth      1%         N/A       86%         4
 Summon Lightning Spire   Summ/Air       1%         N/A       86%         4
 Freezing Cloud           Conj/Ice/Air   0%         6-21      99%         5
 Lee's Rapid Deconstruct  Erth           0%         3d4*      99%         5
 Metabolic Englaciation   Hex/Ice        0%         N/A       99%         5
 Yara's Violent Unravell  Hex/Alch       0%         3d3       99%         5
 Bombard                  Conj/Erth      0%         9d1       100%        6
 Conjure Ball Lightning   Conj/Air       0%         3x3d6     100%        6
 Dispersal                Tloc           0%         N/A       100%        6
 Starburst                Conj/Fire      3%         6d3       100%        6
 Discord                  Hex            0%         N/A       100%        8
 Disjunction              Tloc           0%         N/A       100%        8
 Maxwell's Capacitive Co  Air            0%         ∞         100%        8


Dungeon Overview and Level Annotations

Branches:
Dungeon (14/15)            Temple (1/1) D:7            Lair (5/5) D:8
  Swamp (0/4) Lair:3        Snake (0/4) Lair:2        Slime (0/5) Lair:4
    Orc (2/2) D:12            Elf (0/3) Orc:2        Vaults (0/5) D:14
Gauntlet (visited)

Altars:
Ashenzari
Cheibriados
Dithmenos
Fedhas
Gozag
Hepliaklqana
Kikubaaqudgha
Nemelex Xobeh
Okawaru
Qazlal
Ru
Sif Muna
Trog
Uskayaw
Vehumet
Wu Jian
Xom
Yredelemnul
Jiyva

Shops:
D:7 *   D:8 ?[[:   D:9 *   Orc:1 [   Orc:2 [[**

Annotations:
D:5 1 runed translucent door, DeathSocks's ghost, novice VSGl


Innate Abilities, Weirdness & Mutations

You are an enormous serpent.
You have a powerful constriction melee attack.
Your maximum health is increased.
Your armour is entirely melded.
You are incapable of wielding weapons or throwing items.
((You have a pair of antennae on your head.))
A meltable icy envelope protects you from harm. (AC +8)
You regenerate health from kills.
When seriously injured, your blood forms thick armour. (AC +9)
A meltable shield of frost defends you. (SH +4)


Message History

You block the tengu warrior's attack.
The tengu warrior claws you but does no damage.
The merfolk impaler hits you from afar with a +0 trident!
* * * LOW HITPOINT WARNING * * *
The centaur warrior unwields a +0 orcbow.
The centaur warrior hits you but does no damage.
The centaur warrior closely misses you.
You regained 3 hp, and now have 5/154 hp.
Okay, then.
You feel better. The merfolk impaler misses you.
The merfolk javelineer hits you but does no damage.
The tengu warrior completely misses you.
The tengu warrior pecks you but does no damage.
The tengu warrior claws you but does no damage.
The centaur warrior hits you but does no damage.
The centaur warrior kicks you but does no damage.
The merfolk impaler hits you but does no damage.
You regained 11 hp, and now have 16/154 hp.
You feel better.
The merfolk javelineer hits you but does no damage.
You block the centaur warrior's attack.
The centaur warrior kicks you but does no damage.
The merfolk impaler hits you from afar with a +0 trident.
* * * LOW HITPOINT WARNING * * *
The tengu warrior hits you with a +0 great mace!
* * * LOW HITPOINT WARNING * * *
The tengu warrior pecks you but does no damage.
The tengu warrior claws you but does no damage.
The orc warrior hits you with a +0 hand axe.
* * * LOW HITPOINT WARNING * * *
The merfolk impaler completely misses you.
You take 10 damage, and have 6/154 hp.
Okay, then.
You feel better. The centaur warrior hits you!
* * * LOW HITPOINT WARNING * * *
The centaur warrior kicks you but does no damage.
The merfolk javelineer hits you from afar with a +0 spear.
* * * LOW HITPOINT WARNING * * *
The tengu warrior hits you with a +0 great mace!
You die...

##.### 8## ####8# ♣♣..♣ #..#
#...#_#...# ♣...# ##.##
#...[)[...##### ###+.##
#..######.#8...8#.#...#####....#
........#.........###.....'>...#
..#######.#8...8#.# #######....#
.## #.○..○N...# #....# .#
####)○m#### #....# ##
#.☼°.°mcSQ# #....# # #.....☼o§§#
##'### # ####..##### #.# ##☼#
#.## ######## ##'###### #..#
.......# #.......### #####'###
......)# #.......'.# #......?.
.......#####.......#.# #........
.......#...'.......#.# #........


You could see a merfolk impaler, a naga warrior, a merfolk javelineer, a tengu
warrior, a centaur warrior and an orc warrior.

Vanquished Creatures
  Gastronok (Lair:2)
  An orc warlord (Orc:1)
  The ghost of Ucadoall the Warrior, a journeyman BaHu of Nemelex Xobeh (D:14)
  3 dire elephants (Lair:5)
  A minotaur (Gauntlet)
  5 hydras
  An ogre mage (D:14)
  3 boulder beetles
  9 two-headed ogres
  2 catoblepae
  3 centaur warriors
  2 death scarabs (Gauntlet)
  A hell hog (Gauntlet)
  5 orc high priests (Orc:2)
  3 death yaks (Lair:5)
  Sonja (D:12)
  A deep elf knight (D:14)
  4 skysharks
  A spectral death yak (Lair:5)
  A fire crab (Gauntlet)
  2 skeletal warriors (D:13)
  A spectral anaconda (Lair:5)
  An arcanist (D:13)
  2 spectral hydras (Gauntlet)
  An obsidian statue (Lair:5)
  Pikel (D:6)
  4 necromancers (Lair:5)
  7 orc knights (Orc:2)
  2 deep elf pyromancers
  2 wolf spider zombies (D:13)
  An oklob plant (Gauntlet)
  9 ugly things
  7 cyclopes
  A manticore (D:12)
  3 meliai (D:14)
  Maurice (D:12)
  16 elephants
  2 centaur zombies (D:13)
  2 kobold blastminers (Orc:2)
  2 torpor snails (Lair:4)
  6 black mambas
  3 gargoyles
  14 cane toads
  A large abomination (Gauntlet)
  An unseen horror (D:11)
  11 komodo dragons
  A kobold demonologist (D:11)
  4 rime drakes
  7 trolls
  A tyrant leech (Lair:3)
  A polar bear (Lair:5)
  13 blink frogs
  2 hornets
  A raiju (shapeshifter) (D:9)
  4 dream sheep (Lair:5)
  13 slime creatures
  Sigmund (D:4)
  3 shadows
  9 wyverns
  4 wraiths
  A vampire (D:9)
  10 fire elementals
  11 basilisks
  25 yaks
  Eustachio (D:4)
  5 fire bats (Gauntlet)
  2 vampire mosquitoes (D:11)
  4 wargs
  A steam dragon (D:8)
  A hog (shapeshifter) (D:13)
  A death yak simulacrum (Lair:5)
  3 nagas (Lair:2)
  Duvessa (D:6)
  5 small abominations (Gauntlet)
  2 acid dragons (Gauntlet)
  4 spectral cane toads
  2 swamp worms (Lair:3)
  11 water moccasins
  2 hell hounds (Gauntlet)
  30 orc warriors
  2 sky beasts (D:7)
  9 ogres
  2 black bears
  An elephant zombie (Lair:5)
  2 wolves (D:12)
  2 elephant skeletons (Lair:5)
  5 centaurs
  A phantom (D:7)
  6 kobold brigands
  8 bullfrogs
  A cane toad simulacrum (Lair:5)
  A gnoll sergeant (D:12)
  5 scorpions
  12 wights
  Dowan (D:6)
  An elephant simulacrum (Lair:5)
  8 killer bees
  5 howler monkeys
  A vampire bat (Lair:2)
  3 electric eels
  28 orc priests
  A bombardier beetle (D:5)
  2 jellies (D:6)
  Crazy Yiuf (D:4)
  7 hounds
  2 bullfrog skeletons (D:8)
  2 sleepcaps (D:6)
  5 iguanas
  Ijyb (D:4)
  13 orc wizards
  3 scorpion zombies (D:8)
  Robin (D:4)
  4 gnolls (D:12)
  16 adders
  2 howler monkey skeletons (D:8)
  A shadow imp (D:6)
  A ribbon worm (D:2)
  75 orcs
  10 ball pythons
  10 bats
  6 endoplasms
  A giant cockroach (D:1)
  16 goblins
  8 hobgoblins
  6 jackals
  6 quokkas
  4 frilled lizards
  36 kobolds
  7 rats
689 creatures vanquished.

Vanquished Creatures (others)
  An orc priest (Orc:2)
1 creature vanquished.

Grand Total: 690 creatures vanquished

Notes
Turn   | Place    | Note
-------+----------+-------------------------------------------
     0 | D:1      | jasper the Demonspawn Cinder Acolyte began the quest for
                  | the Orb.
     0 | D:1      | Reached XP level 1. HP: 18/18 MP: 2/2
     1 | D:1      | Noticed an electric eel
   204 | D:1      | Gained mutation: When seriously injured, your blood forms
                  | armour. (AC +9) [demonic ancestry]
   204 | D:1      | Reached XP level 2. HP: 2/24 MP: 3/3
   746 | D:1      | Reached XP level 3. HP: 29/29 MP: 4/4
  1461 | D:2      | Reached skill level 4 in Fighting
  1648 | D:2      | Reached XP level 4. HP: 31/37 MP: 5/5
  2216 | D:3      | You fall into a shaft and drop 1 floor!
  2222 | D:4      | Learned a level 4 spell: Olgreb's Toxic Radiance
  2242 | D:4      | Noticed Sigmund
  2268 | D:4      | Killed Sigmund
  2269 | D:4      | Reached skill level 5 in Fighting
  2269 | D:4      | Gained mutation: A meltable shield of frost defends you.
                  | (SH +4) [demonic ancestry]
  2269 | D:4      | Reached XP level 5. HP: 25/44 MP: 6/6
  2414 | D:4      | Noticed Ijyb
  2423 | D:4      | Killed Ijyb
  2424 | D:4      | Reached XP level 6. HP: 47/51 MP: 7/7
  2583 | D:4      | Noticed Eustachio
  2612 | D:4      | Noticed Robin
  2619 | D:4      | Killed Eustachio
  2620 | D:4      | Reached skill level 5 in Unarmed Combat
  2627 | D:4      | Killed Robin
  3150 | D:4      | Found a runed translucent door.
  3151 | D:4      | Noticed Crazy Yiuf
  3221 | D:4      | Killed Crazy Yiuf
  3266 | D:5      | Entered Level 5 of the Dungeon
  3286 | D:5      | Reached skill level 6 in Fighting
  3289 | D:5      | Gained mutation: A meltable icy envelope protects you from
                  | harm. (AC +8) [demonic ancestry]
  3289 | D:5      | Reached XP level 7. HP: 26/58 MP: 8/8
  3725 | D:5      | Reached skill level 7 in Fighting
  3759 | D:5      | Reached XP level 8. HP: 67/67 MP: 9/9
  4102 | D:5      | Found a runed translucent door.
  4102 | D:5      | Noticed DeathSocks's ghost (novice VSGl)
  4653 | D:6      | Reached skill level 8 in Fighting
  4834 | D:6      | Noticed Duvessa
  4834 | D:6      | Noticed Dowan
  4855 | D:6      | Killed Dowan
  4858 | D:6      | Killed Duvessa
  5475 | D:6      | Found an ornate altar of the Wu Jian Council.
  5711 | D:6      | Gained mutation: You regenerate a little health from kills.
                  | [demonic ancestry]
  5711 | D:6      | Reached XP level 9. HP: 74/75 MP: 5/10
  5812 | D:6      | Reached skill level 9 in Fighting
  5954 | D:6      | Noticed Pikel
  5967 | D:6      | Killed Pikel
  7125 | D:7      | Reached skill level 10 in Fighting
  7281 | D:7      | Found Widducs's General Store.
  7282 | D:7      | Found a staircase to the Ecumenical Temple.
  7291 | D:7      | Bought a potion of enlightenment for 60 gold pieces
  7811 | D:7      | Reached skill level 10 in Unarmed Combat
  7811 | D:7      | Reached skill level 1 in Shapeshifting
  8242 | D:8      | Gained mutation: When seriously injured, your blood forms
                  | thick armour. (AC +9) [demonic ancestry]
  8242 | D:8      | Reached XP level 10. HP: 70/85 MP: 5/11
  8311 | D:8      | Found a staircase to the Lair.
  8678 | D:8      | Found Biazxer's Antique Armour Shoppe.
  8687 | D:8      | Found Hojopoxe's Book Boutique.
  8687 | D:8      | Found Kego's Antique Armour Boutique.
  8687 | D:8      | Found Yfiugoe's Magic Scroll Shoppe.
  8729 | D:8      | Bought a masterwork leather armour for 224 gold pieces
  8729 | D:8      | Identified the +1 leather armour of Cattugg {*Slow rPois
                  | rF+ rN+++} (You bought it in a shop on level 8 of the
                  | Dungeon)
  8744 | D:8      | Bought a tower shield for 153 gold pieces
  8748 | D:8      | Bought a scroll of fear for 44 gold pieces
  8899 | D:8      | Found a shimmering altar of Xom.
  9453 | D:9      | Reached skill level 5 in Shapeshifting
  9597 | D:9      | Noticed a two-headed ogre
  9758 | D:9      | Found Daaciat's Elemental Accessories.
  9886 | D:9      | Killed a two-headed ogre
 10007 | D:9      | Found a shadowy altar of Dithmenos.
 10532 | D:9      | Noticed a boulder beetle
 10554 | D:9      | Killed a boulder beetle
 10811 | D:10     | Entered Level 10 of the Dungeon
 10963 | D:10     | Identified the +6 dagger "Keablaxu" {freeze, rF+ Will+
                  | Dex+3 SInv}
 11146 | D:10     | Gained mutation: You have a pair of small antennae on your
                  | head. [demonic ancestry]
 11146 | D:10     | Reached XP level 11. HP: 81/90 MP: 7/12
 12104 | D:10     | Noticed a two-headed ogre
 12118 | D:10     | Killed a two-headed ogre
 12394 | D:11     | Noticed a two-headed ogre
 12400 | D:11     | Killed a two-headed ogre
 12759 | D:11     | Reached skill level 10 in Shapeshifting
 12946 | D:11     | Identified the ring "Aqudysat" {rF+ rCorr}
 13533 | D:11     | Noticed a two-headed ogre
 13541 | D:11     | Killed a two-headed ogre
 13775 | Lair:1   | Entered Level 1 of the Lair of Beasts
 13893 | Lair:1   | Reached XP level 12. HP: 98/98 MP: 13/13
 14326 | Lair:1   | Noticed a six-headed hydra
 14332 | Lair:1   | Killed a six-headed hydra
 14660 | Lair:1   | Reached skill level 11 in Fighting
 15199 | Temple   | Entered the Ecumenical Temple
 15298 | D:6      | Fell from the grace of Ignis
 15298 | D:6      | Became a worshipper of the Wu Jian Council
 15599 | Lair:2   | You fall into a shaft and drop 2 floors!
 15824 | Lair:3   | Noticed an eight-headed hydra
 15849 | Lair:2   | Noticed a catoblepas
 15851 | Lair:2   | Found the +8 trident of the Octopus King {venom, rElec
                  | rPois}
 15859 | Lair:2   | Killed a catoblepas
 16022 | Lair:2   | Found a staircase to the Snake Pit.
 16405 | Lair:2   | Noticed Gastronok
 16424 | Lair:2   | Killed Gastronok
 17155 | Lair:3   | Found a blossoming altar of Fedhas.
 17172 | Lair:3   | Reached skill level 12 in Fighting
 17294 | Lair:3   | Reached * piety under Wu Jian
 17517 | Lair:3   | Gained mutation: You regenerate health from kills. [demonic
                  | ancestry]
 17517 | Lair:3   | Reached XP level 13. HP: 41/108 MP: 14/14
 18362 | Lair:3   | Found a staircase to the Swamp.
 18897 | Lair:4   | Reached ** piety under Wu Jian
 18911 | Lair:4   | Reached skill level 13 in Fighting
 18993 | Lair:4   | Was forgiven by Ignis
 19090 | Lair:4   | Reached skill level 1 in Dodging
 19541 | Lair:4   | Found a viscous altar of Jiyva.
 19541 | Lair:4   | Found a staircase to the Slime Pits.
 20053 | D:12     | Noticed Maurice
 20058 | D:12     | Killed Maurice
 20215 | D:12     | Noticed Sonja
 20228 | D:12     | Killed Sonja
 20757 | D:12     | Reached *** piety under Wu Jian
 20758 | D:12     | Reached skill level 5 in Dodging
 20795 | D:12     | Found a staircase to the Orcish Mines.
 20811 | D:12     | Reached skill level 1 in Evocations
 21052 | Orc:1    | Entered Level 1 of the Orcish Mines
 21198 | Orc:1    | Found Xytozxiwust's Antique Armour Boutique.
 21412 | Orc:2    | Entered Level 2 of the Orcish Mines
 21412 | Orc:2    | Noticed an orc warlord
 21425 | Orc:1    | Killed an orc warlord
 21457 | Orc:2    | Reached **** piety under Wu Jian
 21458 | Orc:2    | Gained mutation: A meltable icy envelope protects you from
                  | harm. (AC +8) [demonic ancestry]
 21458 | Orc:2    | Reached XP level 14. HP: 84/118 MP: 15/15
 21493 | Orc:2    | Found a gate leading to a gauntlet.
 21499 | Gauntlet | Entered a Gauntlet
 21499 | Gauntlet | Found a transporter.
 21513 | Gauntlet | Found a transporter.
 21513 | Gauntlet | Found a transporter.
 21514 | Gauntlet | Found a transporter.
 21525 | Gauntlet | Found a transporter.
 21525 | Gauntlet | Found a transporter.
 21526 | Gauntlet | Found a transporter.
 21536 | Gauntlet | Found a transporter.
 21538 | Gauntlet | Found a transporter.
 21539 | Gauntlet | Found a transporter.
 21547 | Gauntlet | Found a transporter.
 21550 | Gauntlet | Found a transporter.
 21551 | Gauntlet | Found a transporter.
 21559 | Gauntlet | Found a transporter.
 21618 | Gauntlet | Found a runed translucent door.
 21709 | Gauntlet | Reached skill level 5 in Evocations
 21825 | Gauntlet | Identified the +2 pair of boots "Xomu Vey" {Will+ Str+7}
 22076 | Orc:2    | Found a staircase to the Elven Halls.
 22359 | Orc:2    | Reached ***** piety under Wu Jian
 22519 | Orc:2    | Found Xiycumpa's Assorted Antiques.
 22519 | Orc:2    | Found Namozin's General Store.
 22520 | Orc:2    | Found Canaewed's Antique Armour Shop.
 22520 | Orc:2    | Found Ipted's Armour Boutique.
 22528 | Orc:2    | Bought 2 scrolls of fear for 256 gold pieces
 22532 | Orc:2    | Bought a scroll of teleportation for 30 gold pieces
 22532 | Orc:2    | Bought a wand of acid (7) for 294 gold pieces
 22968 | Lair:5   | Entered Level 5 of the Lair of Beasts
 23119 | Lair:5   | Reached skill level 14 in Fighting
 23850 | Lair:5   | Got the Volume of Crystallized Toxicology
 23888 | Lair:5   | Gained mutation: You have a pair of antennae on your head.
                  | [demonic ancestry]
 23888 | Lair:5   | Reached XP level 15. HP: 120/125 MP: 16/16
 24548 | Lair:5   | Identified the amulet of Jepn {rPois Regen+ Int+5}
 25425 | D:13     | Reached skill level 15 in Fighting
 26152 | D:14     | Found a gate to the Vaults.
 26280 | D:14     | Found a runed translucent gate.
 26280 | D:14     | Found a runed translucent gate.
 26280 | D:14     | Found a runed translucent gate.
 26283 | D:14     | Noticed Ucadoall's ghost (journeyman BaHu)
 26356 | D:14     | Found a blossoming altar of Fedhas.
 27025 | D:14     | Found an iron altar of Okawaru.
 27038 | D:14     | Killed Ucadoall's ghost
 27039 | D:14     | HP: 2/154 [centaur warrior/arrow (12)]
 27043 | D:14     | Mangled by a tengu warrior

Illustrated notes

Levels and vault maps discovered:
D:1:      arrival_aquarium_a, layout_basic
D:2:      minmay_skewed_foursquare, layout_loops_ring
D:3:      layout_basic, mainiacjoe_overflow_catwalk, portal_sewer_entry_d
D:4:      layout_basic, wad_orctagon, uniq_sigmund, uniq_grinder,
          uniq_eustachio, uniq_crazy_yiuf_cottage, uniq_ijyb, uniq_robin
D:5:      layout_basic, gammafunk_ghost_grave, chequers_jeans, st_stairs_3,
          minmay_misc_feat_enclosed, nicolae_nh_ransacked_shop
D:6:      layout_layer_cave, nicolae_wu_jian_immortal_techniques, uniq_duvessa,
          uniq_pikel
D:7:      layout_gridville, minmay_temple_entry_trees, serial_shops,
          nicolae_lakefront_shop, grunt_tough_drop
D:8:      layout_loops_ring, xom_teletrap_fun, david_lair_shrubbed,
          mainiacjoe_ossuary_entry_find_the_door, nicolae_wooded_promenade
D:9:      wad_cavern_with_rooms, layout_loops_cross,
          nicolae_dithmenos_through_a_glass_darkly, nicolae_elemental_shop
D:10:     layout_basic, hangedman_abyss_or_decor_passed
D:11:     layout_basic
D:12:     layout_stronghold, minmay_orc_entry_guard_dogs, uniq_maurice,
          uniq_sonja
D:13:     layout_cave_pods, serial_undead, serial_undead_d, serial_undead_e,
          serial_undead_e, serial_undead_c
D:14:     layout_roguey, david_vaults_2, fedhas_altar_4,
          gammafunk_ghost_fury_of_okawaru
Temple:   mainiacjoe_temple_coin_purse
Lair:1:   layout_gridlike, infiniplex_staircase_pool
Lair:2:   layout_misc_corridors, guppyfry_snake_entry_garden, roderic_batcave,
          serial_bayou_ford_a, uniq_gastronok
Lair:3:   layout_hall_layers, palyth_hydra_swamp_entry, basic_altar, st_stairs_3
Lair:4:   minmay_lair_venomous_thicket, layout_regular_city,
          dpeg_slime_entry_enclosed, minivault_25, grunt_megastairs_4,
          serial_bayou_shore_a
Lair:5:   due_jungle_book, layout_layer_cave, lemuel_fruit_tree
Orc:1:    layout_caves, basic_altar, serial_shops, shop
Orc:2:    st_orc_pillars, layout_caves, gauntlet_entry_generic

Skill      XL: |  1  2  3  4  5  6  7  8  9 10 11 12 13 14 15 |
---------------+----------------------------------------------+-----
Unarmed Combat | 3 4 5 6 8 10 11 12 13 14 | 14.6
Fighting       | 4 5 6 7 8 10 12 13 14 15 | 15.4
Shapeshifting  | 2 8 11 12 13 14 | 14.4
Dodging        | 5 |  5.1
Evocations     | 3 5 |  5.0
Spellcasting   | |  1.0
Fire Magic     | |  2.6

Action                     |  1- 3 |  4- 6 |  7- 9 | 10-12 | 13-15 || total
---------------------------+-------+-------+-------+-------+-------++-------
  Melee: Unarmed           |   197 |   125 |   389 |   737 |  1183 ||  2631
         Punch             |     7 |     5 |    25 |    14 |       ||    51
         Constrict         |       |       |       |    55 |   198 ||   253
  Throw: Stone             |       |       |     2 |    13 |       ||    15
 Invoke: Fiery Armour      |     1 |     4 |     4 |     3 |       ||    12
         Heavenly Storm    |       |       |       |       |     2 ||     2
Ability: Whirlwind         |       |       |       |    19 |   379 ||   398
         Lunge             |       |       |       |    10 |    84 ||    94
         Wall Jump         |       |       |       |       |     1 ||     1
  Evoke: Wand              |       |       |       |     9 |     9 ||    18
         Tin of tremorston |       |       |       |       |     4 ||     4
         Box of beasts     |       |       |       |       |     2 ||     2
    Use: Scroll            |     3 |     4 |     9 |     6 |    11 ||    33
         Potion            |       |       |     1 |     2 |     8 ||    11
 Armour: Robe              |    43 |       |       |       |       ||    43
         Leather armour    |    98 |    75 |   298 |   231 |       ||   702
         Skin              |       |       |       |   337 |   768 ||  1105
  Dodge: Dodged            |   137 |    87 |   176 |   246 |   384 ||  1030
  Block: Other             |       |    19 |    49 |   120 |   251 ||   439
         Buckler           |       |       |       |    52 |       ||    52
         Reflection        |       |       |       |     1 |     7 ||     8
   Form: Serpent           |       |       |       |     1 |       ||     1

Table legend: (Time is in decaauts)
 A = Elapsed time spent in this place.
 B = Non-inter-level travel time spent in this place.
 C = Inter-level travel time spent in this place.
 D = Time resting spent in this place.
 E = Time spent auto-exploring this place.
 F = Levels seen in this place.
 G = Mean time per level.
                   A        B        C        D        E       F      G
               +--------+--------+--------+--------+--------+-----+--------+
         Total |  26740 |  25036 |   1704 |   1057 |  19322 |  23 | 1162.6 |
       Dungeon |  17219 |  15905 |   1314 |    285 |  12769 |  14 | 1229.9 |
        Temple |      1 |      0 |      1 |      0 |      0 |   1 |    1.0 |
          Lair |   7795 |   7501 |    294 |    717 |   5552 |   5 | 1559.0 |
  Orcish Mines |   1302 |   1209 |     93 |      0 |    845 |   2 |  651.0 |
      Gauntlet |    421 |    421 |      0 |     55 |    156 |   1 |  421.0 |
               +--------+--------+--------+--------+--------+-----+--------+

Top non-repeatable levels by time:
     D:6: 2258 daAuts
  Lair:5: 1941 daAuts
    D:10: 1678 daAuts
  Lair:4: 1596 daAuts
  Lair:1: 1582 daAuts
     D:7: 1542 daAuts
     D:8: 1393 daAuts
     D:9: 1385 daAuts
    D:11: 1382 daAuts
  Lair:2: 1366 daAuts
  Lair:3: 1308 daAuts
     D:5: 1243 daAuts
    D:12: 1170 daAuts
     D:2: 1047 daAuts
     D:4: 1040 daAuts
